 Dungeon Crawl Stone Soup version 0.30-a0-272-gf98c3da03f (webtiles) character file.

Game seed: 4854386405780629467

289 Sobieck the Ruffian (level 6, -9/62 HPs)
             Began as an Ogre Transmuter on Oct 15, 2022.
             Mangled by an ice beast (13 damage)
             ... on level 5 of the Dungeon.
             The game lasted 00:10:16 (3821 turns).

Sobieck the Ruffian (Ogre Transmuter)               Turns: 3821, Time: 00:10:17

Health: -9/62      AC:  2    Str: 15    XL:     6   Next: 31%
Magic:  9/9        EV: 18    Int: 22    God:
Gold:   194        SH:  0    Dex: 14    Spells: 3/9 levels left

rFire   . . .      SeeInvis .      - Unarmed
rCold   . . .      Faith    .    (shield currently unavailable)
rNeg    . . .      Spirit   .    (body armour currently unavailable)
rPois   x          Reflect  .    (helmet currently unavailable)
rElec   .          Harm     .    (cloak currently unavailable)
rCorr   .          Rampage  .    (gloves unavailable)
Will    .....                    (boots unavailable)
Stlth   +.........               d - amulet of magic regeneration {@e2}
HPRegen 0.30/turn                o - +6 ring of intelligence
MPRegen 0.51/turn                y - ring of flight

@: spider-form (expiring), flying
A: venomous fangs, tiny, unfitting armour, (tough skin 1)
a: End Transformation


You were on level 5 of the Dungeon.
You were a venomous arachnid creature.
You visited 1 branch of the dungeon, and saw 5 of its levels.

You collected 266 gold pieces.
You spent 72 gold pieces at shops.


Innate Abilities, Weirdness & Mutations

You are a venomous arachnid creature.
You have poisonous fangs.
You are tiny and dextrous.
Your spellcasting is less reliable in this form.
Your armour is entirely melded.
You are incapable of wielding weapons or throwing items.
You are too large for most types of armour.
((You have tough skin. (AC +1)))


   Skills:
 + Level 4.0 Fighting
 - Level 1.7 Dodging
 + Level 5.0 Unarmed Combat
 - Level 2.4 Spellcasting
 + Level 3.0 Transmutations


You had 3 spell levels left.
You knew the following spells:

 Your Spells              Type           Power      Damage    Failure   Level
a - Beastly Appendage     Tmut           32%        N/A       12%         1
b - Spider Form           Tmut/Pois      9%         N/A       43%         3
c - Wereblood             Tmut           16%        N/A       17%         2

Your spell library contained the following spells:

 Spells                   Type           Power      Damage    Failure   Level
 Scorch                   Fire           4%         2d5       41%         2
 Frozen Ramparts          Ice            4%         1d1       58%         3
 Vhi's Electric Charge    Tloc/Air       4%         N/A       58%         3
 Ice Form                 Ice/Tmut       9%         N/A       77%         4
 Flame Wave               Conj/Fire      2%         2d4       91%         4
 Summon Ice Beast         Ice/Summ       2%         N/A       91%         4
 Arcjolt                  Conj/Air       1%         1d11      99%         5
 Summon Cactus Giant      Summ           1%         N/A       100%        6
 Maxwell's Capacitive Co  Air            1%         ∞         100%        8

Inventory:

Hand Weapons
 i - a +1 dagger of speed {short}
   (You took it off a goblin on level 1 of the Dungeon)
 l - a +0 spectral club {mace}
   (You took it off a goblin on level 1 of the Dungeon)
 m - a +0 dagger {short}
   (You took it off a kobold on level 1 of the Dungeon)
Missiles
 f - 52 stones {throwing}
 j - 7 javelins {throwing}
 p - 7 poisoned darts {throwing}
 u - 10 boomerangs {throwing}
Armour
 a - a +0 robe (melded)
 c - a +0 cloak (melded)
   (You found it on level 1 of the Dungeon)
 k - a +1 hat (melded)
   (You found it on level 1 of the Dungeon)
Jewellery
 d - an amulet of magic regeneration (around neck) {@e2}
   (You found it on level 1 of the Dungeon)
 o - a +6 ring of intelligence (left front leg)
   (You found it on level 1 of the Dungeon)
 y - a ring of flight (right front leg)
   (You found it on level 4 of the Dungeon)
 A - a +4 ring of evasion
   (You found it on level 4 of the Dungeon)
Wands
 t - a wand of roots (8)
   (You found it on level 4 of the Dungeon)
 z - a wand of flame (5)
   (You found it on level 4 of the Dungeon)
Scrolls
 g - 3 scrolls of identify {@r1}
 q - 3 scrolls of enchant weapon
 r - 3 scrolls of poison {!r}
 s - 2 scrolls of teleportation {@r4}
Potions
 b - a potion of lignification {!q}
 e - 2 potions of mutation {!q}
 h - 2 potions of magic
 v - a potion of heal wounds {@q2}
 w - a potion of curing {@q1}
 x - a potion of haste {@q3}

Dungeon Overview and Level Annotations

Branches:
Dungeon (5/15) Zot: 26191
 Temple: D:4-7

Altars:
Dithmenos
Fedhas
Okawaru
Qazlal

Shops:
D:3 * D:5

[ ...... #....#
##....# ###
+.....##....
#...<.......
##....##....
#+##....##+####
........##....##
......>..sY†..∩.#
#####....##.....#
#....##[..<.#
+......#....##
#..)...#....#
##....##....#
#....##....#
#.........)#
......#


You could see an ice beast (extremely poisoned).


Message History

Unknown command.
You hit the adder.
You kill the adder!
Unknown command.
The iguana closely misses you.
You fly upwards.
There is a stone staircase leading down here.
Unknown command.
Unknown command.
You hit the iguana.
The iguana is poisoned.
The iguana misses you.
You hit the iguana.
The iguana looks as sick as possible!
The iguana misses you.
You hit the iguana.
The iguana looks as sick as possible!
The iguana closely misses you.
You bite the iguana!
You kill the iguana!
Your transformation is almost over.
Training target 5.0 for Unarmed Combat reached!
Your Unarmed Combat skill increases to level 5!
You need to enable at least one skill for training.
Unknown command.
Your transformation has ended.
Your +0 cloak unmelds from your body.
Your +1 hat unmelds from your body.
Your +0 robe unmelds from your body.
Unknown command.
Unknown command.
There is a stone staircase leading down here.
You fly downwards.
There is a stone staircase leading up here.
Unknown command.
Unknown command.
Unknown command.
You miscast Spider Form.
You are very lightly contaminated with residual magic.
Nothing appears to happen.
You turn into a venomous arachnid creature.
Your +0 cloak melds into your body.
Your +1 hat melds into your body.
Your +0 robe melds into your body.
Unknown command.
Your transformation is almost over.
Danger!
Unknown command.
Your magical contamination has completely faded away.
Unknown command.
You bite the dart slug!
The dart slug is poisoned.
You kill the dart slug!
Unknown command.
You see here a dart slug corpse.
You hit the ice beast but do no damage. The ice beast misses you.
Unknown command.
You barely miss the ice beast.
Your transformation has ended.
Your +0 cloak unmelds from your body.
Your +1 hat unmelds from your body.
Your +0 robe unmelds from your body.
The ice beast hits you. The ice beast freezes you!
You hit the ice beast but do no damage. The ice beast hits you.
The ice beast freezes you!
Unknown command.
You are too injured to fight recklessly!
Unknown command.
Unknown command.
Casting: Spider Form (dangerous; 22% risk of failure)
Confirm with . or Enter, or press ? or * to list all spells.
Okay, then.
Unknown command.
Casting: Spider Form (dangerous; 22% risk of failure)
Confirm with . or Enter, or press ? or * to list all spells.
You turn into a venomous arachnid creature.
Your +0 cloak melds into your body.
Your +1 hat melds into your body.
Your +0 robe melds into your body.
The ice beast closely misses you.
Unknown command.
You barely miss the ice beast. The ice beast barely misses you.
Unknown command.
You barely miss the ice beast. The ice beast hits you.
The ice beast freezes you!
* * * LOW HITPOINT WARNING * * *
Unknown command.
You barely miss the ice beast. The ice beast completely misses you.
Unknown command.
You hit the ice beast.
The ice beast is poisoned.
The ice beast hits you.
* * * LOW HITPOINT WARNING * * *
The ice beast freezes you!
* * * LOW HITPOINT WARNING * * *
Unknown command.
You hit the ice beast.
The ice beast looks even sicker.
The ice beast hits you but does no damage.
Unknown command.
You see here a dart slug corpse.
The ice beast closely misses you. The ice beast attacks as you move away!
The ice beast hits you.
* * * LOW HITPOINT WARNING * * *
The ice beast freezes you!
* * * LOW HITPOINT WARNING * * *
Your transformation is almost over.
You hit the ice beast.
The ice beast looks as sick as possible!
The ice beast hits you.
* * * LOW HITPOINT WARNING * * *
The ice beast freezes you!
You die...

Skill      XL: |  1  2  3  4  5  6 |
---------------+-------------------+-----
Fighting       | 2 3 4 |  4.0
Transmutations | 2 3 |  3.0
Unarmed Combat | 3 4 5 |  5.0
Dodging        | |  1.7
Spellcasting   | |  2.4

Action                   |  1- 3 |  4- 6 || total
-------------------------+-------+-------++-------
Melee: Unarmed           |    92 |   159 ||   251
       Headbutt          |    16 |    13 ||    29
       Kick              |    16 |    26 ||    42
       Punch             |     1 |     1 ||     2
 Cast: Beastly Appendage |    23 |    24 ||    47
       Spider Form       |       |     8 ||     8
  Use: Scroll            |       |    13 ||    13
Armor: Robe              |    36 |    36 ||    72
       Skin              |       |     4 ||     4
Dodge: Dodged            |    42 |    64 ||   106

Levels and vault maps discovered:
D:1:      lightli_arrival_statue_moat, layout_loops_ring, columned_hall_lemuel,
          minmay_misc_feat_square, nicolae_figureground_pulse
D:2:      layout_loops_ring
D:3:      layout_loops_cross, grunt_qazlal_clouds, serial_shops, shop,
          shapermc_ecumenical_altar_starsandcircs, minmay_misc_feat_tower
D:4:      layout_loops_ring, nicolae_overflow_squiral, amcnicky_altar_gilded,
          minmay_pentomino_pile
D:5:      layout_gridville, lemuel_temple_firewalk_a, serial_shops, shop,
          hex_medium, kennysheep_nub

Notes
Turn   | Place    | Note
-------+----------+-------------------------------------------
     0 | D:1      | Sobieck the Ogre Transmuter began the quest for the Orb.
     0 | D:1      | Reached XP level 1. HP: 19/19 MP: 3/3
    30 | D:1      | You pick up a book of Scorching and begin reading...
    30 | D:1      | You add the spells Scorch, Flame Wave and Summon Cactus
                  | Giant to your library.
    99 | D:1      | Reached skill level 2 in Fighting
   265 | D:1      | You add the spells Vhi's Electric Charge, Arcjolt and
                  | Maxwell's Capacitive Coupling to your library.
   288 | D:1      | Reached XP level 2. HP: 29/29 MP: 5/5
   399 | D:1      | Reached skill level 3 in Fighting
   629 | D:1      | Reached skill level 2 in Transmutations
   766 | D:1      | Reached skill level 3 in Unarmed Combat
   808 | D:1      | Reached XP level 3. HP: 37/37 MP: 6/6
   827 | D:1      | Learned a level 3 spell: Spider Form
   830 | D:1      | Learned a level 2 spell: Wereblood
  1313 | D:1      | Reached XP level 4. HP: 38/45 MP: 7/7
  1562 | D:2      | You pick up a book of Rime and begin reading...
  1562 | D:2      | You add the spells Frozen Ramparts and Summon Ice Beast to
                  | your library.
  1923 | D:2      | Reached skill level 4 in Fighting
  2001 | D:3      | Found a faded altar of an unknown god.
  2191 | D:3      | Found a stormy altar of Qazlal.
  2204 | D:3      | Reached XP level 5. HP: 51/54 MP: 8/8
  2381 | D:3      | Found Qesiuned's Assorted Antiques.
  2390 | D:3      | Bought a scroll labelled GOODIS ZYMNEU for 19 gold pieces
  2390 | D:3      | Bought a scroll labelled VAZIYL KAYKHLEI for 19 gold pieces
  2390 | D:3      | Bought a brown potion for 17 gold pieces
  2390 | D:3      | Bought a dark potion for 17 gold pieces
  2890 | D:3      | Reached skill level 3 in Transmutations
  3009 | D:4      | Reached skill level 4 in Unarmed Combat
  3116 | D:4      | Reached XP level 6. HP: 61/62 MP: 9/9
  3250 | D:4      | Found a blossoming altar of Fedhas.
  3479 | D:4      | Found a shadowy altar of Dithmenos.
  3638 | D:4      | Found an iron altar of Okawaru.
  3698 | D:5      | Entered Level 5 of the Dungeon
  3698 | D:5      | Noticed an ice beast
  3738 | D:5      | Found Vocisi's Armour Emporium.
  3758 | D:4      | Reached skill level 5 in Unarmed Combat
  3820 | D:5      | HP: 7/62 [ice beast (10)]
  3821 | D:5      | Mangled by an ice beast

Vanquished Creatures
  A necrophage (D:4)
  An iguana (D:4)
  An orc wizard (D:3)
  4 gnolls
  4 adders
  3 worms
  2 dart slugs
  9 orcs
  7 endoplasms
  3 giant cockroaches
  6 goblins
  3 hobgoblins
  6 jackals
  2 quokkas
  6 ball pythons
  5 bats
  10 frilled lizards
  5 kobolds
  3 rats
81 creatures vanquished.

Table legend:
 A = Non-vault XP
 B = Vault XP
 C = Vault XP percentage of total XP
 D = Non-vault monster count
 E = Vault monster count
 F = Vault count percentage of total count
                 A         B        C        D         E       F
            +---------+---------+-------+---------+---------+-------
      Total |     390 |      23 |   5.6 |      76 |       5 |   6.2
            +---------+---------+-------+---------+---------+-------
        D:1 |      63 |       0 |   0.0 |      26 |       0 |   0.0
        D:2 |      89 |       0 |   0.0 |      26 |       0 |   0.0
        D:3 |      64 |       0 |   0.0 |      13 |       0 |   0.0
        D:4 |     157 |      23 |  12.8 |       9 |       5 |  35.7
        D:5 |      17 |       0 |   0.0 |       2 |       0 |   0.0
            +---------+---------+-------+---------+---------+-------

Illustrated notes

Table legend:
 A = Kills in this place as a percentage of kills in entire the game.
 B = Kills by you in this place as a percentage of kills by you in the entire game.
 C = Kills by friends in this place as a percentage of kills by friends in the entire game.
 D = Other kills in this place as a percentage of other kills in the entire game.
 E = Experience gained in this place as a percentage of experience gained in the entire game.
 F = Experience gained in this place divided by the number of levels of this place that you have seen.
                   A       B       C       D       E      F
               +-------+-------+-------+-------+-------+----------------------
         Total | 100.0 | 100.0 |   N/A |   N/A | 100.0 |  82.6
       Dungeon | 100.0 | 100.0 |   N/A |   N/A | 100.0 |  82.6
               +-------+-------+-------+-------+-------+----------------------

Table legend: (Time is in decaauts)
 A = Elapsed time spent in this place.
 B = Non-inter-level travel time spent in this place.
 C = Inter-level travel time spent in this place.
 D = Time resting spent in this place.
 E = Time spent auto-exploring this place.
 F = Levels seen in this place.
 G = Mean time per level.
                   A        B        C        D        E       F      G
               +--------+--------+--------+--------+--------+-----+--------+
         Total |   3807 |   3614 |    193 |    525 |   2361 |   5 |  761.4 |
       Dungeon |   3807 |   3614 |    193 |    525 |   2361 |   5 |  761.4 |
               +--------+--------+--------+--------+--------+-----+--------+

Top non-repeatable levels by time:
     D:1: 1085 daAuts
     D:4: 936 daAuts
     D:2: 895 daAuts
     D:3: 849 daAuts
     D:5: 41 daAuts
